 Dungeon Crawl Stone Soup version 0.29-a0-82-g837932c90e (webtiles) character file.

Game seed: 11411174332385476035

77 lordive the Grasshopper (level 4, -1/42 HPs)
             Began as a Troll Warper on Feb 4, 2022.
             Was a Follower of Cheibriados.
             Slain by Natasha (2 damage)
             ... on level 3 of the Dungeon.
             The game lasted 00:01:53 (1454 turns).

lordive the Grasshopper (Troll Warper)              Turns: 1454, Time: 00:01:53

Health: -1/42      AC:  5    Str: 19 (22) XL:     4   Next: 14%
Magic:  4/4        EV: 10    Int: 13 (14) God:    Cheibriados [*.....]
Gold:   115        SH:  0    Dex: 11 (12) Spells: 5/5 levels left

rFire   . . .      SeeInvis .     - Unarmed
rCold   . . .      Faith    .   (no shield)
rNeg    . . .      Spirit   .   a - +0 robe
rPois   .          Reflect  .   (helmet restricted)
rElec   +          Harm     .   (no cloak)
rCorr   .          Rampage  .   (gloves unavailable)
Will    .....                   (boots unavailable)
Stlth   +.........              (no amulet)
HPRegen 0.94/turn               (no ring)
MPRegen 0.09/turn               (no ring)

@: slowed, very slow
A: large, unfitting armour, claws 3, regeneration 1, shaggy fur 2, tough skin 1,
electricity resistance
a: Renounce Religion, Bend Time


You were on level 3 of the Dungeon.
You worshipped Cheibriados.
Cheibriados was aware of your devotion.
You visited 1 branch of the dungeon, and saw 3 of its levels.

You collected 115 gold pieces.

Inventory:

Missiles
 c - 5 boomerangs of dispersal (quivered)
Armour
 a - a +0 robe (worn)
Jewellery
 d - a +6 ring of dexterity
 h - an amulet of magic regeneration
Wands
 n - a wand of polymorph (9)
Scrolls
 b - a scroll of blinking
 f - a scroll of silence {unknown}
 g - a scroll of identify {unknown}
 i - a scroll of noise {unknown}
 j - a scroll of vulnerability {unknown}
 k - a scroll of magic mapping {unknown}
 o - a scroll of summoning {unknown}
 p - a scroll of teleportation {unknown}
 q - a scroll of immolation {unknown}
Potions
 m - a potion of haste {unknown}


   Skills:
 + Level 1.7 Fighting
 - Level 0.8 Throwing
 + Level 2.2 Dodging
 + Level 2.9 Unarmed Combat
 + Level 1.3 Spellcasting
 * Level 3.0 Translocations


You had 5 spell levels left.
You didn't know any spells.
Your spell library contained the following spells:

 Spells                   Type           Power      Damage    Failure   Level
 Blink                    Tloc           16%        N/A       12%         2
 Gell's Gravitas          Tloc           8%         N/A       24%         3
 Lesser Beckoning         Tloc           8%         N/A       24%         3
 Teleport Other           Tloc           8%         N/A       24%         3
 Manifold Assault         Tloc           8%         N/A       91%         5


Dungeon Overview and Level Annotations

Branches:
Dungeon (3/15)

Altars:
Cheibriados

Annotations:
D:3 Natasha


Innate Abilities, Weirdness & Mutations

You are too large for most types of armour.
You have claws for hands.
Your natural rate of healing is unusually fast.
You are covered in thick fur. (AC +2)
You have tough skin. (AC +1)
You are resistant to electric shocks. (rElec)


Message History

Natasha is lightly wounded.
Natasha barely misses you.
You barely miss Natasha.
Natasha is lightly wounded.
Natasha claws you.
You completely miss Natasha.
Natasha is lightly wounded.
Natasha stares at you and mumbles some strange words.
You feel yourself slow down.
You barely miss Natasha.
Natasha is lightly wounded.
Natasha completely misses you.
You barely miss Natasha.
Natasha is lightly wounded.
Natasha claws you! Natasha claws you.
You miss Natasha.
Natasha is lightly wounded.
Natasha casts a spell.
You scratch Natasha but do no damage.
Natasha is lightly wounded.
Natasha claws you! The iron imp hits you. Natasha claws you.
* * * LOW HITPOINT WARNING * * *
You are too injured to fight recklessly!
You are too injured to fight recklessly!
You are too injured to fight recklessly!
Unknown command.
Unknown command.
It was a potion of degeneration.
There was something very wrong with that liquid.
You feel weakened.
You feel dopey.
You feel clumsy.
Natasha stares at you and mumbles some strange words.
The magic dart hits you!
* * * LOW HITPOINT WARNING * * *
The iron imp hits you but does no damage.
It was a potion of mutation.
You feel extremely strange.
You feel insulated.
Your fur grows into a thick mane.
Natasha claws you.
* * * LOW HITPOINT WARNING * * *
The iron imp barely misses you. Natasha claws you.
You die...

#............#.#..#####
#...†........#.#..#
#............#.#..#
#............#.#..#
#............#...>#
#..................
###########........
######........
#...h@........
#.....5.......
#.............
#.............
#.............
#.............
#.....#....!..
#..!..#......


You could see an iron imp (summoned) and Natasha.

Vanquished Creatures
  3 adders (D:2)
  A worm (D:2)
  2 dart slugs
  3 bats
  9 endoplasms
  A giant cockroach (D:2)
  2 goblins (D:2)
  4 hobgoblins
  3 quokkas
  4 ball pythons
  A frilled lizard (D:2)
  5 kobolds
  4 rats
42 creatures vanquished.

Notes
Turn   | Place    | Note
-------+----------+-------------------------------------------
     0 | D:1      | lordive the Troll Warper began the quest for the Orb.
     0 | D:1      | Reached XP level 1. HP: 19/19 MP: 1/1
   117 | D:2      | Found a snail-covered altar of Cheibriados.
   132 | D:2      | Became a worshipper of Cheibriados the Contemplative
   391 | D:1      | Reached XP level 2. HP: 27/27 MP: 2/2
   588 | D:1      | Found a faded altar of an unknown god.
   967 | D:2      | Reached XP level 3. HP: 31/33 MP: 3/3
   970 | D:2      | Reached * piety under Cheibriados
  1091 | D:2      | Reached skill level 3 in Translocations
  1296 | D:2      | Reached XP level 4. HP: 26/42 MP: 4/4
  1442 | D:3      | Noticed Natasha
  1454 | D:3      | Gained mutation: You are resistant to electric shocks.
                  | (rElec) [potion of mutation]
  1454 | D:3      | Gained mutation: You are covered in thick fur. (AC +2)
                  | [potion of mutation]
  1454 | D:3      | HP: 1/42 [Natasha (6)]
  1454 | D:3      | Slain by Natasha

Illustrated notes

Levels and vault maps discovered:
D:1:      sevenhm_arrival_forest_fort_small_6, layout_basic,
          chequers_ecumenical_altar_lobes
D:2:      layout_rooms, basic_altar, minmay_surrounded
D:3:      layout_basic, uniq_ijyb, uniq_natasha

Skill      XL: |  1  2  3 |
---------------+----------+-----
Dodging        | 2 |  2.2
Translocations | 3 |  3.0
Fighting       | |  1.7
Throwing       | |  0.8
Unarmed Combat | |  2.9
Spellcasting   | |  1.3

Action                   |  1- 3 |  4- 6 || total
-------------------------+-------+-------++-------
Melee: Unarmed           |   104 |    17 ||   121
  Use: Potion            |       |     2 ||     2
 Stab: Distracted        |     1 |       ||     1
       Sleeping          |       |     2 ||     2
Armor: Robe              |    27 |     3 ||    30
Dodge: Dodged            |    46 |     9 ||    55

Table legend: (Time is in decaauts)
 A = Elapsed time spent in this place.
 B = Non-inter-level travel time spent in this place.
 C = Inter-level travel time spent in this place.
 D = Time resting spent in this place.
 E = Time spent auto-exploring this place.
 F = Levels seen in this place.
 G = Mean time per level.
                   A        B        C        D        E       F      G
               +--------+--------+--------+--------+--------+-----+--------+
         Total |   1824 |   1732 |     92 |      0 |   1434 |   3 |  608.0 |
       Dungeon |   1824 |   1732 |     92 |      0 |   1434 |   3 |  608.0 |
               +--------+--------+--------+--------+--------+-----+--------+

Top non-repeatable levels by time:
     D:1: 1018 daAuts
     D:2: 707 daAuts
     D:3: 98 daAuts
